 Dungeon Sprint DCSS version 0.31-a0-750-gfe7b580527 (webtiles) character file.

Game seed: 1541974350853697637

1259 rocky1 the Thaumaturge (level 8, 0/53 HPs)
             Began as a Deep Elf Earth Elementalist on Sept 15, 2023.
             Slain by a small abomination (19 damage)
             ... in the Dungeon (Sprint V: "Ziggurat Sprint").
             The game lasted 00:05:47 (351 turns).

rocky1 the Thaumaturge (Deep Elf Earth Elementalist) Turns: 351, Time: 00:05:47

Health: 0/53       AC:  3    Str:  9    XL:     8   Next: 27%
Magic:  34/40      EV: 17    Int: 42    God:
Gold:   0          SH:  0    Dex: 15    Spells: 22/30 levels left

rFire   . . .        D - +6 Majin-Bo {spellvamp, MP+6 Int+6}
rCold   + . .        (no shield)
rNeg    . . .        x - +1 robe of Indecent Exposure {rC+ Str+2}
rPois   .            (no helmet)
rElec   .            (no cloak)
rCorr   +            (no gloves)
SInv    .            (no boots)
Will    .....        H - amulet of Zin's Regard {Regen+ rCorr MP+9 Int+3}
Stlth   +++          v - +6 ring of intelligence
HPRegen 0.00/turn    w - +6 ring of intelligence
MPRegen 0.27/turn

%: no teleportation
@: sick, studying Polearms
A: no striking features
a: no special abilities


You were in the Dungeon.
You visited 1 branch

Inventory:

Hand Weapons
 D - the +6 Majin-Bo (weapon) {spellvamp, MP+6 Int+6}
   (You found it in the Dungeon)

   Int+6:     It affects your intelligence (+6).
   MP+6:      It affects your magic capacity (+6).
 I - the +8 dagger "Jellybane" {heavy, rF++ Will++ Dex-3}
   (You found it in the Dungeon)

   Dex-3:     It affects your dexterity (-3).
   rF++:      It greatly protects you from fire.
   Will++:    It greatly increases your willpower.
Armour
 t - a +3 ring mail of willpower
 x - the +1 robe of Indecent Exposure (worn) {rC+ Str+2}
   (You found it in the Dungeon)

   Str+2:     It affects your strength (+2).
   rC+:       It protects you from cold.
 E - a +3 buckler
 F - an orb of guile
Magical Staves
 s - the staff "Rorar" {rElec rF++ Str-3 Stlth+ Air}
   (You found it in the Dungeon)

   [staff of air]

   Base accuracy: +5 Base damage: 5 Base attack delay: 1.2 This weapon's minimum
   attack delay (0.6) is reached at skill level 12.
   Str-3:     It affects your strength (-3).
   rF++:      It greatly protects you from fire.
   rElec:     It insulates you from electricity.
   Stlth+:    It makes you more stealthy.
   Air:       It increases the power of your Air spells.
   It falls into the 'Staves' category.
   It is a one-handed weapon.
 u - a staff of cold
 G - the staff "Bacaus" {*Slow rElec Int+7 Dex-2 SInv Air}
   (You found it in the Dungeon)

   [staff of air]

   Base accuracy: +5 Base damage: 5 Base attack delay: 1.2 This weapon's minimum
   attack delay (0.6) is reached at skill level 12.
   Int+7:     It affects your intelligence (+7).
   Dex-2:     It affects your dexterity (-2).
   rElec:     It insulates you from electricity.
   SInv:      It lets you see invisible.
   *Slow:     It may slow you when you take damage.
   Air:       It increases the power of your Air spells.
   It falls into the 'Staves' category.
   It is a one-handed weapon.
Jewellery
 a - a ring of see invisible
 v - a +6 ring of intelligence (left hand)
 w - a +6 ring of intelligence (right hand)
 H - the amulet of Zin's Regard (around neck) {Regen+ rCorr MP+9 Int+3}
   (You found it in the Dungeon)

   [amulet of regeneration]

   Int+3:     It affects your intelligence (+3).
   MP+9:      It affects your magic capacity (+9).
   Regen+:    It increases your rate of health regeneration.
   rCorr:     It protects you from acid and corrosion.
Talismans
 z - a beast talisman
 A - a blade talisman
 B - a maw talisman
 C - a serpent talisman
Wands
 k - a wand of flame (11)
 q - a wand of mindburst (7)
 r - a wand of acid (11)
 y - a wand of polymorph (5)
Scrolls
 g - 2 scrolls of blinking
 m - 4 scrolls of amnesia
 n - 7 scrolls of fog
 o - 5 scrolls of identify
 p - 2 scrolls of fear
Potions
 b - 8 potions of magic
 c - 10 potions of curing
 d - 8 potions of heal wounds
 e - 6 potions of haste
 f - 3 potions of berserk rage
 h - 2 potions of brilliance
 i - 2 potions of invisibility
 j - 4 potions of resistance
 l - 5 potions of might


   Skills:
 + Level 7.2 Fighting
 + Level 10.7 Dodging
 + Level 4.3 Stealth
 + Level 11.7 Spellcasting
 + Level 4.4 Conjurations
 - Level 1.1 Transmutations
 * Level 10.6 Earth Magic
 + Level 2.6 Poison Magic


You had 22 spell levels left.
You knew the following spells:

 Your Spells              Type           Power      Damage    Failure   Level
a - Sandblast             Erth           100%       2d20      0%          1
b - Stone Arrow           Conj/Erth      100%       3d13      1%          3
c - Olgreb's Toxic Radia  Pois           46%        N/A       4%          4

Your spell library contained the following spells:

 Spells                   Type           Power      Damage    Failure   Level
 Sting                    Tmut/Pois      100%       1d8       1%          1
 Passwall                 Tmut/Erth      54%        N/A       1%          2
 Poisonous Vapours        Pois/Air       70%        N/A       1%          2
 Hailstorm                Conj/Ice       43%        3d10      1%          3
 Petrify                  Tmut/Erth      65%        N/A       1%          4
 Leda's Unmaking          Conj/Erth      36%        9d6       9%          6
 Plasma Beam              Fire/Air       12%        2x1d23    89%         6


Dungeon Overview and Level Annotations

Branches:
Dungeon (1/1)

Altars:
Ashenzari
Cheibriados
Dithmenos
Elyvilon
Fedhas
Gozag
Hepliaklqana
Kikubaaqudgha
Makhleb
Nemelex Xobeh
Okawaru
Qazlal
Ru
Sif Muna
Trog
Uskayaw
Vehumet
Wu Jian
Xom
Yredelemnul
Zin
The Shining One
Jiyva
Lugonu

Annotations:
D 1 transporter


Message History

The small abomination closely misses you.
The small abomination hits you.
Aiming: Sandblast (safe; 1% risk of failure)
Press: ? - help, Q - select action, (/) - cycle Shift-Dir - straight line, f/p - ancient zyme
Aim: an ancient zyme (almost destroyed, 93% to hit)
The blast of sand hits the ancient zyme!
The ancient zyme is almost destroyed.
The ancient zyme hits you. The ancient zyme closely misses you.
You feel ill.
The shadow imp shouts, "Slither away, thou tender miscreant serf!"
The small abomination hits you!
* * * LOW HITPOINT WARNING * * *
The ancient zyme completely misses you. The ancient zyme hits you.
* * * LOW HITPOINT WARNING * * *
Unknown command.
Blink to where?
Press: ? - help, Dir - move target, p - ancient zyme
As you read the scroll of blinking, it crumbles to dust.
Unknown command.
Aiming: Sandblast (safe; 1% risk of failure)
Press: ? - help, Q - select action, (/) - cycle Shift-Dir - straight line, f - small abomination
Aim: a small abomination (89% to hit)
Okay, then.
You feel much better.
Aiming: Sandblast (safe; 1% risk of failure)
Press: ? - help, Q - select action, (/) - cycle Shift-Dir - straight line, f - ancient zyme
Aim: an ancient zyme (almost destroyed, 93% to hit)
The blast of sand hits the ancient zyme!!
You destroy the ancient zyme!
The iron imp picks up a beetle and eats it.
Your Stealth skill increases to level 4!
Your Poison Magic skill increases to level 2!
Unknown command.
Unknown command.
Aiming: Sandblast (safe; 0% risk of failure)
Press: ? - help, Q - select action, (/) - cycle Shift-Dir - straight line, f - small abomination
Aim: a small abomination (89% to hit)
The blast of sand hits the small abomination!
The small abomination is moderately damaged.
The small abomination hits you! The small abomination hits you!!
You die...

▓▓▓▓▓▓▓▓▓▓▓▓▓▓▓▓▓▓
▓..8©8..▓
▓..)|[..▓
▓.."/|..▓
▓....5..▓
▓...5...▓
▓.....5.▓
▓.....x.▓
▓.▓...▓@▓
▓...©...▓
▓▓▓▓▓▓▓▓▓


You could see a small abomination, 2 iron imps and a shadow imp.

Vanquished Creatures
  An ancient zyme (D)
  A slime creature (D)
  A fire bat (D)
  A yak (D)
  A golden eye (D)
  A water moccasin (D)
  A wolf (D)
  A phantom (D)
  A bullfrog (D)
  A wight (D)
  A crimson imp (D)
  An adder (D)
  2 bat skeletons (D)
  A bat zombie (D)
  A jackal (D)
  A ball python (D)
  A ball python skeleton (D)
  2 jackal skeletons (D)
20 creatures vanquished.

Notes
Turn   | Place    | Note
-------+----------+-------------------------------------------
     0 | D        | rocky1 the Deep Elf Earth Elementalist began the quest for
                  | the Orb.
     0 | D        | Reached XP level 1. HP: 10/10 MP: 6/6
     0 | D        | Found a shimmering blue altar of Sif Muna.
     0 | D        | Found a bloodstained altar of Trog.
     0 | D        | Found a sacrificial altar of Ru.
     0 | D        | Found a stormy altar of Qazlal.
     0 | D        | Found an iron altar of Okawaru.
     1 | D        | Found a sparkling altar of Nemelex Xobeh.
     1 | D        | Found a blossoming altar of Fedhas.
     1 | D        | Found the +6 Majin-Bo {spellvamp, MP+6 Int+6}
     1 | D        | Found the +27 heavy crossbow "Sniper" {heavy, Acc+∞ SInv}
     1 | D        | Found the +10 dark maul {heavy}
     1 | D        | Found the +15 Maxwell's patent armour {-Cast -Tele rElec
                  | Will+ rCorr}
     1 | D        | Found the +18 shield of the Gong {Loud rN+ Will+ rCorr
                  | EV-5}
     1 | D        | Found the +16 obsidian axe {drain, demonic, Mesm Drain Fly
                  | SInv}
     1 | D        | Found the +7 great mace "Firestarter" {flame, immolate,
                  | rFlCloud rF++}
     1 | D        | Found the +6 shillelagh "Devastator" {shatter}
     1 | D        | Found the +11 plutonium sword {Contam Stlth-}
     1 | D        | Found the +8 lance "Wyrmbane" {slay drac, rPois rF+ rC+
                  | AC+3}
     1 | D        | Found the +9 sword of Zonguldrok {reap}
     1 | D        | Found the +13 scythe of Curses {drain, curses, Drain}
     1 | D        | Found the +9 sword of Power {lifebolt}
     1 | D        | Found the +7 mace of Variability {chaos, chaos arc}
     1 | D        | Found the +11 Singing Sword {sonic wave}
     1 | D        | Found the +8 storm bow {elec, penet}
     3 | D        | Found a transporter.
     3 | D        | Found an ancient bone altar of Kikubaaqudgha.
     3 | D        | Found a viscous altar of Jiyva.
     3 | D        | Found a corrupted altar of Lugonu.
     3 | D        | Found a hazy altar of Hepliaklqana.
     3 | D        | Found a burning altar of Makhleb.
     3 | D        | Found an opulent altar of Gozag.
    74 | D        | Reached skill level 5 in Spellcasting
    74 | D        | Reached XP level 2. HP: 18/18 MP: 10/10
    86 | D        | Entered arena 2.
    86 | D        | Noticed a golden eye
    86 | D        | Noticed a slime creature
    86 | D        | Found a transporter.
    87 | D        | Killed a golden eye
    88 | D        | Reached skill level 7 in Spellcasting
    88 | D        | Reached XP level 3. HP: 24/24 MP: 14/14
    88 | D        | Reached XP level 4. HP: 29/29 MP: 15/15
    88 | D        | Reached XP level 5. HP: 33/33 MP: 16/17
    91 | D        | Killed a slime creature
    92 | D        | Reached skill level 5 in Fighting
    92 | D        | Reached skill level 9 in Spellcasting
    92 | D        | Reached XP level 6. HP: 37/40 MP: 14/20
   157 | D        | Got the staff "Bacaus" {*Slow rElec Int+7 Dex-2 SInv Air}
   161 | D        | Entered arena 3.
   161 | D        | Noticed a water moccasin
   161 | D        | Found a transporter.
   166 | D        | Learned a level 3 spell: Stone Arrow
   168 | D        | Killed a water moccasin
   191 | D        | Entered arena 4.
   191 | D        | Found a transporter.
   195 | D        | Reached skill level 10 in Spellcasting
   201 | D        | Got the staff "Rorar" {rElec rF++ Str-3 Stlth+ Air}
   209 | D        | Entered arena 5.
   209 | D        | Noticed a yak
   209 | D        | Found a transporter.
   212 | D        | Reached XP level 7. HP: 41/46 MP: 22/22
   216 | D        | Killed a yak
   217 | D        | Reached skill level 10 in Dodging
   217 | D        | Reached skill level 11 in Spellcasting
   230 | D        | Got the +1 robe of Indecent Exposure {rC+ Str+2}
   269 | D        | Learned a level 4 spell: Olgreb's Toxic Radiance
   270 | D        | Entered arena 6.
   270 | D        | Found a transporter.
   276 | D        | Reached skill level 1 in Poison Magic
   283 | D        | Got the Compilation of Excruciating Conflagration
   290 | D        | Got the amulet of Zin's Regard {Regen+ rCorr MP+9 Int+3}
   292 | D        | Got the +8 dagger "Jellybane" {heavy, rF++ Will++ Dex-3}
   336 | D        | Entered arena 7.
   336 | D        | Noticed an ancient zyme
   336 | D        | Noticed a fire bat
   337 | D        | Found a transporter.
   339 | D        | Killed a fire bat
   340 | D        | Reached skill level 10 in Earth Magic
   340 | D        | Reached XP level 8. HP: 35/53 MP: 25/25
   350 | D        | Killed an ancient zyme
   351 | D        | Slain by a small abomination

Illustrated notes

Levels and vault maps discovered:
D:        sprint_v [room_start, room_1, room_2, room_3, room_4, room_5, room_6,
          room_7, room_8, room_9, room_10, room_11, room_12, room_13, room_14,
          room_15, room_16, room_17, room_18, room_19, room_20, room_21,
          room_22, room_23, room_24, room_25, room_26, room_27]

Skill      XL: |  1  2  3  4  5  6  7  8 |
---------------+-------------------------+-----
Fighting       | 2 4 5 6 7 |  7.2
Dodging        | 4 6 8 9 10 | 10.7
Spellcasting   | 5 7 9 10 11 | 11.7
Conjurations   | 3 4 |  4.4
Earth Magic    | 4 6 8 10 | 10.6
Stealth        | 3 4 |  4.3
Poison Magic   | 1 2 |  2.6
Transmutations | |  1.1

Action                     |  1- 3 |  4- 6 |  7- 9 || total
---------------------------+-------+-------+-------++-------
   Cast: Sandblast         |     1 |    16 |    22 ||    39
    Use: Potion            |     1 |       |     2 ||     3
         Scroll            |       |       |     2 ||     2
 Armour: Robe              |       |     8 |    15 ||    23
  Dodge: Dodged            |       |    13 |    30 ||    43

Table legend: (Time is in decaauts)
 A = Elapsed time spent in this place.
 B = Non-inter-level travel time spent in this place.
 C = Inter-level travel time spent in this place.
 D = Time resting spent in this place.
 E = Time spent auto-exploring this place.
 F = Levels seen in this place.
 G = Mean time per level.
                   A        B        C        D        E       F      G
               +--------+--------+--------+--------+--------+-----+--------+
         Total |    368 |    368 |      0 |    127 |      0 |   1 |  368.0 |
       Dungeon |    368 |    368 |      0 |    127 |      0 |   1 |  368.0 |
               +--------+--------+--------+--------+--------+-----+--------+

Top non-repeatable levels by time:
       D: 368 daAuts
